 Dungeon Crawl Stone Soup version 0.31-a0-728-g01b46875f1 (webtiles) character file.

Game seed: 12581446310714023775

319 Aneyh the Poker (level 6, 0/40 HPs)
             Began as a Tengu Monk on Sept 11, 2023.
             Slain by Pikel
             ... wielding a +2 whip of freezing
              (1 damage)
             ... on level 3 of the Dungeon.
             The game lasted 00:03:39 (3853 turns).

Aneyh the Poker (Tengu Monk)                        Turns: 3853, Time: 00:03:40

Health: 0/40       AC:  3    Str: 14    XL:     6   Next: 45%
Magic:  7/7        EV: 13    Int: 10    God:
Gold:   198        SH:  0    Dex: 16    Spells: 5/5 levels left

rFire   . . .        y - +0 trident
rCold   . . .        (no shield)
rNeg    . . .        b - +0 robe
rPois   .            (helmet restricted)
rElec   .            (no cloak)
rCorr   .            f - +0 pair of gloves
SInv    +            (boots unavailable)
Will    .....        (no amulet)
Stlth   +            t - ring of see invisible
HPRegen 0.26/turn    (no ring)
MPRegen 0.10/turn

%: acrobat
@: no status effects
A: beak, talons 3, acrobatic
a: no special abilities


You were on level 3 of the Dungeon.
You visited 1 branch of the dungeon, and saw 4 of its levels.

You collected 198 gold pieces.

Inventory:

Hand Weapons
 a - a +0 spear
 y - a +0 trident (weapon)
Missiles
 r - 2 javelins
 A - 5 poisoned darts
Armour
 b - a +0 robe (worn)
 d - an orb of light
 f - a +0 pair of gloves (worn)
 h - a +0 chain mail
 o - a +0 ring mail
Jewellery
 t - a ring of see invisible (left hand)
Scrolls
 e - 2 scrolls of poison {unknown}
 i - 8 scrolls of identify {unknown}
 k - a scroll of blinking {unknown}
 m - 3 scrolls of vulnerability {unknown}
 v - 2 scrolls of fear {unknown}
 w - 3 scrolls of silence {unknown}
 x - 2 scrolls of amnesia {unknown}
 z - a scroll of revelation {unknown}
Potions
 g - a potion of resistance {unknown}
 j - 3 potions of curing {unknown}
 l - a potion of mutation {unknown}
 n - 4 potions of degeneration {unknown}
 p - 2 potions of haste {unknown}
 q - a potion of brilliance {unknown}
 s - a potion of attraction {unknown}
 u - a potion of berserk rage {unknown}


   Skills:
 + Level 5.2 Fighting
 - Level 6.0 Polearms
 + Level 3.4 Dodging


You had 5 spell levels left.
You didn't know any spells.
Your spell library contained the following spells:

 Spells                   Type           Power      Damage    Failure   Level
 Apportation              Tloc           0%         N/A       36%         1
 Necrotise                Necr           0%         1d4       36%         1
 Summon Small Mammal      Summ           0%         N/A       36%         1
 Lesser Beckoning         Tloc           0%         N/A       50%         2
 Poisonous Vapours        Pois/Air       0%         N/A       50%         2
 Gell's Gravitas          Tloc           0%         N/A       75%         3
 Mephitic Cloud           Conj/Pois/Air  0%         N/A       75%         3
 Teleport Other           Tloc           0%         N/A       75%         3
 Freezing Cloud           Conj/Ice/Air   0%         6-21      100%        5
 Malign Gateway           Summ/Tloc      0%         N/A       100%        7
 Summon Horrible Things   Summ           0%         N/A       100%        8


Dungeon Overview and Level Annotations

Branches:
Dungeon (4/15)
 Temple: D:4-7

Altars:
Qazlal

Annotations:
D:3 Pikel


Innate Abilities, Weirdness & Mutations

You have a beak for a mouth.
You have claws for feet.
You can magically evade attacks while moving or waiting.


Message History

Pikel freezes you. The lemure completely misses you.
Pikel completely misses you. Pikel barely misses you.
You hit the lemure but do no damage. You claw the lemure, but do no damage.
Pikel hits you with a +2 whip of freezing.
Pikel freezes you. The lemure barely misses you.
The lemure attacks as it pursues you! The lemure completely misses you.
Pikel attacks as he pursues you!
Pikel hits you with a +2 whip of freezing!
Pikel freezes you.
There is a stone staircase leading up here.
Pikel closely misses you.
You climb upwards.
You feel less invigorated.
You feel less confused.
There is a stone staircase leading down here.
You hit Pikel but do no damage.
Pikel is lightly wounded.
Pikel zaps a wand.
The puff of flame hits you.
You hit Pikel but do no damage. You claw Pikel, but do no damage.
You peck Pikel, but do no damage.
Pikel is lightly wounded.
Pikel zaps a wand.
The puff of flame misses you.
You puncture Pikel! You peck Pikel.
Pikel is moderately wounded.
Pikel zaps a wand.
The puff of flame misses you.
You hit Pikel but do no damage. Your kick misses Pikel. Your peck misses Pikel.
Pikel is moderately wounded.
Pikel zaps a wand.
The puff of flame hits you!
* * * LOW HITPOINT WARNING * * *
You closely miss Pikel. You peck Pikel.
Pikel is moderately wounded.
Pikel zaps a wand.
The puff of flame hits you!
* * * LOW HITPOINT WARNING * * *
You hit Pikel but do no damage. You peck Pikel, but do no damage.
Pikel is moderately wounded.
Pikel hits you with a +2 whip of freezing.
* * * LOW HITPOINT WARNING * * *
Pikel freezes you.
You die...
Pikel says, "Another soul for the market."

###....#######...................
######.###########'#####.........
............## #...# #.........
.......####..# #.### #.........
.......# ##.###.# ##########
######## #...#.################
#.....#######...##..............
#.....#...####K.##.#############
#.....'...'..†.@##.#.....<#
#.....#...########.#.######
#.....##### #.#.# #.....# #.#.#
#.....# #.#.# #.....# #.#.#
#.....# #.#.# # #.....# #.#)# #
####.## #.#.# #


You could see Pikel.

Vanquished Creatures
  A lemure (D:4)
  A phantom (D:4)
  2 hounds
  Jessica (D:3)
  2 iguanas (D:4)
  A gnoll (D:1)
  2 adders (D:3)
  2 dart slugs
  5 orcs (D:4)
  5 ball pythons
  6 endoplasms
  4 giant cockroaches
  4 goblins
  3 hobgoblins
  9 jackals
  3 quokkas
  4 bats
  5 frilled lizards
  6 kobolds
  7 rats
73 creatures vanquished.

Notes
Turn   | Place    | Note
-------+----------+-------------------------------------------
     0 | D:1      | Aneyh the Tengu Monk began the quest for the Orb.
     0 | D:1      | Reached XP level 1. HP: 14/14 MP: 2/2
    75 | D:1      | Reached skill level 4 in Polearms
    75 | D:1      | Reached XP level 2. HP: 9/19 MP: 3/3
   247 | D:1      | Reached XP level 3. HP: 23/23 MP: 4/4
   991 | D:2      | Reached skill level 5 in Polearms
  1455 | D:2      | Reached XP level 4. HP: 25/28 MP: 5/5
  2393 | D:3      | Noticed Jessica
  2399 | D:3      | Killed Jessica
  3162 | D:4      | Found a stormy altar of Qazlal.
  3313 | D:4      | Reached XP level 5. HP: 32/32 MP: 6/6
  3316 | D:4      | Reached skill level 6 in Polearms
  3544 | D:4      | Noticed a phantom
  3553 | D:4      | Killed a phantom
  3554 | D:4      | Reached skill level 5 in Fighting
  3554 | D:4      | Reached XP level 6. HP: 20/40 MP: 7/7
  3673 | D:4      | Noticed Pikel
  3853 | D:3      | HP: 1/40 [Pikel/+2 whip of freezing (5)]
  3853 | D:3      | Slain by Pikel

Illustrated notes

Levels and vault maps discovered:
D:1:      dpeg_arrival_shelter, layout_basic, minivault_4,
          nicolae_concentric_dashed_squares_wild
D:2:      layout_basic
D:3:      layout_basic, uniq_jessica
D:4:      layout_gridville, nicolae_overflow_hallway_of_the_gods, uniq_pikel

Skill      XL: |  1  2  3  4  5 |
---------------+----------------+-----
Polearms       | 4 5 6 |  6.0
Fighting       | 5 |  5.2
Dodging        | |  3.4

Action                     |  1- 3 |  4- 6 || total
---------------------------+-------+-------++-------
  Melee: Spear             |    86 |    80 ||   166
         Kick              |    20 |    31 ||    51
         Peck              |    16 |    19 ||    35
         Trident           |       |    49 ||    49
    Use: Potion            |       |     1 ||     1
   Stab: Sleeping          |       |     4 ||     4
 Armour: Robe              |    31 |    51 ||    82
  Dodge: Dodged            |    40 |    88 ||   128

Table legend: (Time is in decaauts)
 A = Elapsed time spent in this place.
 B = Non-inter-level travel time spent in this place.
 C = Inter-level travel time spent in this place.
 D = Time resting spent in this place.
 E = Time spent auto-exploring this place.
 F = Levels seen in this place.
 G = Mean time per level.
                   A        B        C        D        E       F      G
               +--------+--------+--------+--------+--------+-----+--------+
         Total |   3828 |   3434 |    394 |    249 |   2670 |   4 |  957.0 |
       Dungeon |   3828 |   3434 |    394 |    249 |   2670 |   4 |  957.0 |
               +--------+--------+--------+--------+--------+-----+--------+

Top non-repeatable levels by time:
     D:3: 1348 daAuts
     D:2: 924 daAuts
     D:1: 891 daAuts
     D:4: 663 daAuts
